 Dungeon Crawl Stone Soup version 0.27.0-1-g7a089689b8 (webtiles) character file.

Game seed: 9786098710476998841

1515 shoop the Magician (level 9, -11/58 HPs)
             Began as a Djinni Venom Mage on Aug 3, 2021.
             Was an Initiate of the Shining One.
             Mangled by Menkaure (13 damage)
             ... on level 4 of the Dungeon.
             The game lasted 00:10:56 (4958 turns).

shoop the Magician (Djinni Venom Mage)              Turns: 4958, Time: 00:10:56

Health: -11/58     AC:  7    Str:  8    XL:     9   Next: 9%
Gold:   197        EV: 12    Int: 16    God:    the Shining One [......] SH:  0 Dex: 15

rFire    + + .     SeeInvis +   o - +7 short sword of Imagh {venom, Str-4 SInv Stlth+}
rCold    . . .     Faith    .   (no shield)
rNeg     . . .     Spirit   .   u - +2 robe {rC+}
rPois    ∞         Reflect  .   (no helmet)
rElec    .         Harm     .   (no cloak)
rCorr    .         Rampage  .   c - +0 pair of gloves
Will     +....                  (boots unavailable)
Stlth    +.........             (no amulet)
HPRegen  0.19/turn              i - ring of willpower
MPRegen  0.00/turn              (no ring)

@: flying, glowing
A: sickness immunity, fire resistance 2, cold vulnerability 1, float, innate
caster, hp casting, extra vitality 1, iridescent scales 1, strong 1
a: Renounce Religion


You were on level 4 of the Dungeon.
You worshipped the Shining One.
The Shining One was noncommittal.
You visited 1 branch of the dungeon, and saw 4 of its levels.

You collected 197 gold pieces.

Inventory:

Hand Weapons
 d - a +0 falchion
 f - a +0 dagger
 k - a +0 short sword
 o - the +7 short sword of Imagh (weapon) {venom, Str-4 SInv Stlth+}
   (You found it on level 4 of the Dungeon)

   It poisons the flesh of those it strikes.
   Str:       It affects your strength (-4).
   SInv:      It lets you see invisible.
   Stlth:     It makes you more stealthy.
Armour
 a - a +0 robe
 c - a +0 pair of gloves (worn)
 u - a +2 robe of cold resistance (worn)
Jewellery
 i - a ring of willpower (left hand)
Wands
 g - a wand of paralysis (5)
Scrolls
 b - 6 scrolls of identify {unknown}
 e - a scroll of torment {unknown}
 h - 3 scrolls of fog {unknown}
 j - 2 scrolls of fear {unknown}
 l - a scroll of summoning {unknown}
 n - a scroll of teleportation {unknown}
 p - a scroll of blinking {unknown}
 q - a scroll of acquirement {unknown}
 t - a scroll of vulnerability {unknown}
 x - a scroll of noise {unknown}
Potions
 m - a potion of degeneration
 r - 2 potions of brilliance {unknown}
 s - a potion of cancellation
 v - a potion of curing {unknown}
 w - a potion of flight {unknown}


   Skills:
 - Level 2.0 Fighting
 - Level 4.0 Short Blades
 - Level 2.1 Dodging
 - Level 2.0 Stealth
 + Level 7.1 Spellcasting
 - Level 3.0 Evocations


You had 4 spell levels left.
You knew the following spells:

 Your Spells              Type           Power      Damage    Failure   Level
a - Sting                 Tmut/Pois      100%       1d8       1%          1
b - Poisonous Vapours     Pois/Air       56%        N/A       1%          2
c - Mephitic Cloud        Conj/Pois/Air  28%        N/A       1%          3
d - Olgreb's Toxic Radia  Pois           28%        N/A       6%          4
e - Corona                Hex            31%        N/A       1%          1
f - Static Discharge      Conj/Air       28%        N/A       1%          2
g - Wereblood             Tmut           28%        N/A       1%          2
h - Stone Arrow           Conj/Erth      56%        3d10      1%          3
Your spell library was empty.

Dungeon Overview and Level Annotations

Branches:
Dungeon (4/15)
 Temple: D:4-7

Altars:
Gozag
Sif Muna
Uskayaw
Vehumet
Yredelemnul
The Shining One

Annotations:
D:3 3 runed translucent doors, Petya's ghost, amateur HOMo
D:4 3 runed translucent doors, exclusion: ogre, Menkaure; mhtbhm's ghost, amateur MiBe


Innate Abilities, Weirdness & Mutations

You are immune to sickness and miasma.
You are immune to poison.
Your flesh is very heat resistant. (rF++)
You are vulnerable to cold. (rC-)
You float through the air rather than walking.
You learn spells naturally, not from books.
Your magical power is your life essence.
You have superior vitality. (+4 HP)
You are partially covered in iridescent scales. (AC +2)
Your muscles are strong. (Str +2)


Message History

Menkaure casts a spell at you. Pain shoots through your body!
* * * LOW HITPOINT WARNING * * *
You hit Menkaure.
Menkaure is moderately damaged.
You howl as the wereblood boils in your veins!
The ball python barely misses you. The ball python grabs you.
* * * LOW HITPOINT WARNING * * *
The ball python constricts you.
Menkaure points at you and mumbles some strange words.
You easily resist.
You hit Menkaure but do no damage.
Menkaure is moderately damaged.
The ball python completely misses you. The ball python constricts you.
Menkaure calls on the powers of darkness!
Your body is wracked with pain!
* * * LOW HITPOINT WARNING * * *
The orc convulses!
You hit the ball python.
The ball python is poisoned.
The ball python is severely wounded.
You feel a bit better.
You kill the ball python!
The orc closely misses you.
Menkaure gestures at you while chanting.
Pain shoots through your body!
* * * LOW HITPOINT WARNING * * *
You barely miss the orc.
The orc is heavily wounded.
The orc closely misses you. Menkaure closely misses you.
You puncture the orc!
You feel a bit better.
You kill the orc!
Menkaure hits you.
* * * LOW HITPOINT WARNING * * *
Unknown command.
It was a potion of cancellation.
Your magical effects are unravelling.
You feel magically purged.
Your primal bloodlust has ended.
Menkaure hits you!
You die...

#.# #.# #.. #.# ...###
#K# #.# ### #.# ####
##5#### #.# #.# ...5..#
#.# ... #._.#.###.######
..#
......#........####..#
.......[...>.........##.
..8..............).....#
8...8....#.##...@)...#
###
.................M......
....
.....8...#.##.....###...
.... .........#<.......#
. ####
8...8.....(....#..# #
....#.########.... #
....#. .### ##. # .. #.


You could see Menkaure (fast).

Vanquished Creatures
  Pikel (D:4)
  Grinder (D:4)
  Duvessa (D:4)
  A sky beast (D:4)
  2 ogres (D:4)
  3 lemures
  Dowan (D:4)
  2 scorpions (D:4)
  An orc priest (D:3)
  2 iguanas (D:4)
  3 orc wizards (D:4)
  An adder (D:3)
  4 gnolls
  4 worms
  A dart slug (D:4)
  18 orcs
  8 endoplasms
  15 giant cockroaches
  4 goblins
  7 hobgoblins
  10 jackals
  3 quokkas
  8 ball pythons
  4 bats
  5 frilled lizards
  4 kobolds
  6 rats
120 creatures vanquished.

Vanquished Creatures (others)
  8 fungi (D:4)
  4 toadstools (D:4)
12 creatures vanquished.

Grand Total: 132 creatures vanquished

Notes
Turn   | Place    | Note
-------+----------+-------------------------------------------
     0 | D:1      | shoop the Djinni Venom Mage began the quest for the Orb.
     0 | D:1      | Reached XP level 1. HP: 15/15 MP: 0/0
   215 | D:1      | Reached XP level 2. HP: 16/21 MP: 0/0
   641 | D:1      | Reached skill level 3 in Spellcasting
   778 | D:1      | Reached XP level 3. HP: 15/25 MP: 0/0
   778 | D:1      | Learned a level 1 spell: Corona
  1713 | D:1      | Reached XP level 4. HP: 21/31 MP: 0/0
  2383 | D:2      | You are sucked into a shaft and drop 2 floors!
  2393 | D:4      | Noticed Grinder
  2397 | D:4      | Gained mutation: You are partially covered in iridescent
                  | scales. (AC +2) [potion of mutation]
  2397 | D:4      | Gained mutation: Your muscles are strong. (Str +2) [potion
                  | of mutation]
  2416 | D:4      | Killed Grinder
  2417 | D:4      | Reached skill level 5 in Spellcasting
  2417 | D:4      | Reached XP level 5. HP: 7/35 MP: 0/0
  2417 | D:4      | Learned a level 2 spell: Static Discharge
  2417 | D:4      | Reached XP level 6. HP: 8/40 MP: 0/0
  2693 | D:4      | Found a runed translucent gate.
  2693 | D:4      | Found a runed translucent gate.
  2693 | D:4      | Found a runed translucent gate.
  2708 | D:4      | Noticed an ice beast
  2724 | D:4      | Noticed an ice beast
  2724 | D:4      | Noticed mhtbhm's ghost (amateur MiBe)
  2778 | D:4      | Noticed an ogre
  2918 | D:4      | Identified the +7 short sword of Imagh {venom, Str-4 SInv
                  | Stlth+}
  2992 | D:4      | Noticed a sky beast
  3201 | D:3      | Found a faded altar of an unknown god.
  3276 | D:2      | Reached skill level 1 in Fighting
  3280 | D:2      | Reached XP level 7. HP: 46/47 MP: 0/0
  3280 | D:2      | Learned a level 2 spell: Wereblood
  3315 | D:2      | Reached skill level 1 in Evocations
  3446 | D:3      | Found a glowing golden altar of the Shining One.
  3446 | D:3      | Found a basalt altar of Yredelemnul.
  3542 | D:3      | Became a worshipper of the Shining One
  3618 | D:3      | Found a runed translucent gate.
  3618 | D:3      | Found an opulent altar of Gozag.
  3620 | D:3      | Found a runed translucent gate.
  3620 | D:3      | Found a runed translucent gate.
  3622 | D:3      | Noticed Petya's ghost (amateur HOMo)
  4029 | D:3      | Reached skill level 1 in Short Blades
  4211 | D:4      | Reached XP level 8. HP: 39/54 MP: 0/0
  4227 | D:4      | Noticed Duvessa
  4229 | D:4      | Noticed Dowan
  4233 | D:4      | Killed Duvessa
  4240 | D:4      | Killed Dowan
  4543 | D:4      | Found a hide-covered altar of Uskayaw.
  4610 | D:4      | Noticed Pikel
  4801 | D:4      | Killed Pikel
  4802 | D:4      | Reached skill level 6 in Spellcasting
  4926 | D:4      | Reached XP level 9. HP: 57/58 MP: 0/0
  4926 | D:4      | Learned a level 3 spell: Stone Arrow
  4939 | D:4      | Noticed Menkaure
  4946 | D:4      | Reached skill level 7 in Spellcasting
  4957 | D:4      | HP: 2/58 [Menkaure (6)]
  4958 | D:4      | Mangled by Menkaure

Illustrated notes

Levels and vault maps discovered:
D:1:      minmay_arrival_wavy_path, layout_rooms,
          chequers_serial_rivers_small_b, minmay_misc_feat_plants,
          solitary_fountain
D:2:      layout_rooms, st_stairs_10
D:3:      minmay_roachtagon, layout_rooms, mainiacjoe_overflow_small_starburst,
          chequers_temple_overflow_statue_of_worship, ebering_ghost_gozag,
          basic_ecumenical_altar, chequers_serial_rivers_micro_a
D:4:      layout_loops_ring, grunt_gozag_statues, nicolae_uskayaw_dance_hall,
          gammafunk_ghost_icy, minmay_gold_behind_fungi, uniq_pikel,
          uniq_menkaure, uniq_duvessa, uniq_grinder

Skill      XL: |  1  2  3  4  5  6  7  8  9 |
---------------+----------------------------+-----
Spellcasting   | 3 5 6 7 |  7.1
Fighting       | 1 2 |  2.0
Stealth        | 2 |  2.0
Evocations     | 2 3 |  3.0
Short Blades   | 2 4 |  4.0
Dodging        | |  2.1

Action                   |  1- 3 |  4- 6 |  7- 9 || total
-------------------------+-------+-------+-------++-------
Melee: Dagger            |     2 |       |       ||     2
       Short sword       |       |    32 |   140 ||   172
 Cast: Sting             |    70 |    43 |     6 ||   119
       Mephitic Cloud    |     1 |       |     4 ||     5
       Olgreb's Toxic Ra |       |     1 |     2 ||     3
       Wereblood         |       |       |     4 ||     4
  Use: Potion            |       |     3 |     1 ||     4
 Stab: Sleeping          |       |     1 |     1 ||     2
Armor: Robe              |    10 |     5 |    26 ||    41
       Skin              |       |     8 |       ||     8
Dodge: Dodged            |    22 |    23 |    68 ||   113
       Rpst.: Falchion   |       |     1 |       ||     1
